 Dungeon Crawl Stone Soup version 0.29.0-13-gc9e81de378 (webtiles) character file.

Game seed: 3570263961148412634

511 LabCoat the Chopper (level 7, -1/60 HPs)
             Began as a Hill Orc Fighter on Sept 8, 2022.
             Was an Initiate of Trog.
             Shot with an arrow by a centaur (15 damage)
             ... on level 6 of the Dungeon.
             The game lasted 00:13:07 (3679 turns).

LabCoat the Chopper (Hill Orc Fighter)              Turns: 3679, Time: 00:13:08

Health: -1/60      AC: 17    Str: 21    XL:     7   Next: 19%
Magic:  2/16       EV:  5    Int:  8    God:    Trog [......]
Gold:   300        SH:  5    Dex: 16    Spells: 6/6 levels left

rFire   . . .      SeeInvis .   a - +0 war axe
rCold   . . .      Faith    .   c - +0 buckler
rNeg    . . .      Spirit   .   e - +0 plate armour
rPois   .          Reflect  .   k - +0 helmet
rElec   .          Harm     +   l - scarf {harm}
rCorr   .          Rampage  .   f - +2 pair of gloves {infuse}
Will    .....                   p - +0 pair of boots
Stlth   ..........              (no amulet)
HPRegen 0.20/turn               m - +6 ring of dexterity
MPRegen 0.15/turn               y - ring of magical power

@: mighty
A: no striking features
a: Renounce Religion


You were on level 6 of the Dungeon.
You worshipped Trog.
Trog was noncommittal.
You visited 2 branches of the dungeon, and saw 7 of its levels.

You collected 300 gold pieces.

Inventory:

Hand Weapons
 a - a +0 war axe (weapon)
 w - a +0 mace
Missiles
 h - 6 poisoned darts (quivered)
Armour
 c - a +0 buckler (worn)
 e - a +0 plate armour (worn)
 f - a +2 pair of gloves of infusion (worn)
 k - a +0 helmet (worn)
 l - a scarf of harm (worn)
 p - a +0 pair of boots (worn)
Jewellery
 m - a +6 ring of dexterity (left hand)
 y - a ring of magical power (right hand)
Wands
 g - a wand of flame (13)
Scrolls
 i - a scroll of brand weapon
 n - a scroll of fog
 o - a scroll of noise
 q - a scroll of teleportation
 t - a scroll of amnesia
 u - 2 scrolls of silence {unknown}
 v - a scroll of vulnerability {unknown}
 z - a scroll of enchant armour {unknown}
Potions
 b - a potion of cancellation {unknown}
 j - a potion of curing {unknown}
 r - a potion of heal wounds {unknown}
 s - a potion of degeneration {unknown}
 x - a potion of magic {unknown}
 A - a potion of haste {unknown}


   Skills:
 + Level 4.9 Fighting
 * Level 5.8(6.3) Axes
 + Level 2.6(4.1) Maces & Flails
 + Level 1.5 Throwing
 + Level 4.3 Armour
 + Level 4.5 Shields
 + Level 1.3 Evocations


You had 6 spell levels left.
You didn't know any spells.
Your spell library contained the following spells:

 Spells                   Type           Power      Damage    Failure   Level
 Necrotise                Necr           0%         1d4       100%        1
 Summon Small Mammal      Summ           0%         N/A       100%        1
 Scorch                   Fire           0%         2d5       100%        2
 Call Canine Familiar     Summ           0%         N/A       100%        3
 Summon Guardian Golem    Hex/Summ       0%         N/A       100%        3
 Vampiric Draining        Necr           0%         2d6       100%        3
 Flame Wave               Conj/Fire      0%         2d4       100%        4
 Agony                    Necr           0%         N/A       100%        5
 Spellforged Servitor     Conj/Summ      0%         N/A       100%        7
 Summon Hydra             Summ           0%         N/A       100%        7


Dungeon Overview and Level Annotations

Branches:
Dungeon (7/15)             Temple (1/1) D:7

Altars:
Ashenzari
Cheibriados
Fedhas
Okawaru
Qazlal
Ru
Trog
Uskayaw
Vehumet
Wu Jian
Xom
Zin


Message History

The howler monkey is severely wounded.
The howler monkey hoots and howls with incredible vigour!
An orc comes into view. It is wielding a +0 mace.
The howler monkey hits you but does no damage.
You hear a shout! x2
You closely miss the howler monkey.
The howler monkey is severely wounded.
The howler monkey hits you but does no damage.
You barely miss the howler monkey.
The howler monkey is severely wounded.
The howler monkey hits you.
A centaur opens the door.
You hit the howler monkey.
The howler monkey is almost dead.
The centaur wields a +0 shortbow.
The centaur shoots an arrow.
The arrow hits you but does no damage. The howler monkey barely misses you.
The centaur shoots an arrow.
The arrow hits you!
* * * LOW HITPOINT WARNING * * *
The howler monkey barely misses you.
A centaur comes into view.
You feel very mighty all of a sudden.
The centaur shouts!
The centaur wields a +0 shortbow.
The centaur shoots an arrow.
You block the arrow.
An ogre comes into view. It is wielding a +0 giant club.
The howler monkey hoots and howls with incredible vigour!
The centaur shoots an arrow.
The arrow barely misses you.
The arrow closely misses the howler monkey.
You slice the howler monkey!!
You kill the howler monkey!
Trog accepts your kill.
The centaur shoots an arrow.
The arrow hits you.
* * * LOW HITPOINT WARNING * * *
The centaur shoots an arrow.
The arrow hits you.
* * * LOW HITPOINT WARNING * * *
The necrophage closely misses you.
Okay, then.
You closely miss the necrophage.
The centaur shoots an arrow.
The arrow hits you but does no damage.
The centaur shoots an arrow.
The arrow hits you!
You die...

######
.###########.)..#
.O.c.c.@no....>.#
.###.####o.#.#).#
#...#....#
#.#.####.# #.#.#
.# $.#h# o#
.###.# .. .# #.#
..


You could see an ogre, a necrophage, 2 centaurs and 2 orcs.

Vanquished Creatures
  A sky beast (D:6)
  A howler monkey (D:6)
  4 hounds (D:4)
  An orc priest (D:6)
  Jessica (D:2)
  An iguana (D:4)
  An orc wizard (D:6)
  Robin (D:2)
  3 adders
  A shadow imp (D:3)
  4 worms
  A dart slug (D:2)
  6 orcs
  6 ball pythons
  5 bats
  7 endoplasms
  2 giant cockroaches
  12 goblins
  11 hobgoblins
  7 jackals (D:3)
  4 quokkas
  2 frilled lizards
  5 kobolds
  6 rats
93 creatures vanquished.

Notes
Turn   | Place    | Note
-------+----------+-------------------------------------------
     0 | D:1      | LabCoat the Hill Orc Fighter began the quest for the Orb.
     0 | D:1      | Reached XP level 1. HP: 19/19 MP: 1/1
   350 | D:1      | Reached skill level 3 in Axes
   410 | D:1      | Reached XP level 2. HP: 27/27 MP: 0/2
   881 | D:1      | Reached skill level 1 in Maces & Flails
   886 | D:1      | Reached XP level 3. HP: 28/33 MP: 0/3
  1098 | D:2      | Noticed Robin
  1117 | D:2      | Killed Robin
  1482 | D:2      | Noticed Jessica
  1488 | D:2      | Killed Jessica
  1489 | D:2      | Reached skill level 4 in Axes
  1489 | D:2      | Reached XP level 4. HP: 40/40 MP: 2/4
  1717 | D:2      | Found a faded altar of an unknown god.
  1853 | D:2      | Got the Discourse on Accomplices and the Summer
  2224 | D:3      | Reached XP level 5. HP: 46/46 MP: 0/5
  2230 | D:3      | Found an ornate altar of the Wu Jian Council.
  3164 | D:4      | Reached skill level 5 in Axes
  3203 | D:4      | Reached XP level 6. HP: 53/53 MP: 6/6
  3312 | D:4      | Reached skill level 1 in Throwing
  3570 | D:4      | You fall into a shaft and drop 3 floors!
  3570 | D:7      | Found a staircase to the Ecumenical Temple.
  3580 | Temple   | Entered the Ecumenical Temple
  3592 | Temple   | Became a worshipper of Trog the Wrathful
  3648 | D:6      | Noticed a sky beast
  3666 | D:6      | Killed a sky beast
  3667 | D:6      | Reached skill level 1 in Evocations
  3667 | D:6      | Reached XP level 7. HP: 40/60 MP: 5/7
  3679 | D:6      | Shot with an arrow by a centaur

Illustrated notes

Levels and vault maps discovered:
D:1:      minmay_arrival_plants_in_alcoves, layout_loops_corners
D:2:      minmay_inner_zag, layout_basic, ebering_ecumenical_altar_ruins,
          uniq_jessica, uniq_robin
D:3:      layout_loops_ring, nicolae_wu_jian_wuxing_cycle, minmay_circle_x
D:4:      layout_cave_pods
D:6:      layout_basic, mainiacjoe_overflow_big_doors
D:7:      layout_basic, jmf_multi_god_temple, mainiacjoe_overflow_brackets,
          yredelemnul_forgotten_temple_becter, minmay_temple_entry_large_hall,
          minmay_stone_trees_medium, uniq_prince_ribbit1
Temple:   hellmonk_temple_of_storms

Skill      XL: |  1  2  3  4  5  6 |
---------------+-------------------+-----
Axes           | 3 4 5 |  5.8
Maces & Flails | 1 2 |  2.6
Fighting       | 4 |  4.9
Shields        | 4 |  4.5
Armour         | 4 |  4.3
Throwing       | 1 |  1.5
Evocations     | 1 |  1.3

Action                   |  1- 3 |  4- 6 |  7- 9 || total
-------------------------+-------+-------+-------++-------
Melee: War axe           |    70 |   134 |    12 ||   216
Throw: Dart              |    17 |    26 |       ||    43
Evoke: Wand              |       |    17 |       ||    17
  Use: Scroll            |     2 |     6 |       ||     8
       Potion            |       |       |     1 ||     1
Armor: Scale mail        |     6 |       |       ||     6
       Plate armour      |    48 |    82 |     4 ||   134
Dodge: Dodged            |    28 |    29 |     6 ||    63
Block: Buckler           |    14 |    38 |     1 ||    53
